Map: Corrosion EC

Players

MrDarkSplit - Winner!

  • Race: Terran Terran
  • League: Diamond
  • Spawn Location: 5:00

HoldTheDoor

  • Race: Protoss Protoss
  • League: Diamond
  • Spawn Location: 11:00

VOD

Have the link to the VOD?

Description

Time

  • Played on: July 15, 2018, 10:52 a.m.
  • Length: 9:46
Show
View Real Time Build Order
Export as new Build Order

MrDarkSplit Terran - Winner!

Build Orders: Reaper Expand, Banshee Rush 

Get SALT Encoding   

  12  0:01  SCV  
  13  0:13  SCV  
  14  0:17  Supply Depot  
  14  0:25  SCV  
  15  0:28  Refinery  
  15  0:41  Barracks  
  15  0:45  SCV  
  16  1:02  SCV  
  17  1:14  SCV  
  18  1:29  Orbital Command  
  18  1:30  Reaper  
  19  1:52  Command Center  
  19  1:59  SCV  
  19  2:00  Supply Depot  
  20  2:05  Barracks Reactor  
  19  2:13  Factory  
  19  2:21  SCV, Refinery  
  20  2:34  Bunker  
  20  2:47  Marine x2  
  20  2:50  SCV  
  22  2:58  Factory Tech Lab  
  22  3:01  Starport  
  22  3:03  SCV  
  23  3:08  Orbital Command  
  23  3:16  SCV  
  24  3:21  Marine x2  
  26  3:30  Cyclone  
  26  3:31  SCV  
  30  3:39  SCV  
  31  3:46  Marine x2  
  31  3:48  Banshee  
  36  3:49  Cloaking Field  
  36  4:03  SCV x2  
  38  4:10  Cyclone  
  38  4:13  Engineering Bay  
  38  4:15  SCV  
  42  4:17  Supply Depot  
  42  4:21  Liberator  
  42  4:22  Marine x2  
  44  4:25  SCV  
  45  4:31  SCV  
  46  4:38  SCV  
  46  4:40  Marine  
  46  4:41  Supply Depot  
  51  4:46  Supply Depot  
  54  5:00  Cyclone  
  54  5:02  Marine x2  
  56  5:10  SCV  
  56  5:11  SCV, Refinery  
  56  5:12  Terran Infantry Weapons Level 1  
  58  5:22  SCV  
  58  5:23  SCV  
  60  5:34  Factory Tech Lab  
  60  5:35  Barracks  
  60  5:37  Starport Reactor  
  60  5:39  Barracks  
  60  5:41  SCV x2  
  60  5:42  Supply Depot  
  61  5:53  SCV  
  62  6:13  Factory Reactor  
  53  6:22  SCV x2  
  55  6:26  Stimpack  
  55  6:28  Medivac x2  
  59  6:34  SCV  
  60  6:41  Command Center  
  58  6:48  Marine x4  
  58  6:51  Widow Mine x2  
  66  7:05  Marine x2  
  66  7:07  SCV x2  
  70  7:11  Supply Depot x2  
  70  7:13  Supply Depot  
  70  7:18  Widow Mine  
  70  7:19  SCV, Marine x2, Widow Mine  
  77  7:23  Marine  
  77  7:27  Marine  
  78  7:36  Marine x2  
  74  7:44  Marine x2  
  71  7:48  Medivac x2  
  76  7:55  Marauder x2  
  82  7:58  Widow Mine  
  82  7:59  Widow Mine  
  82  8:01  Marine  
  82  8:02  Marine  
  79  8:16  Marine x2  
  79  8:18  Barracks, Medivac  
  79  8:19  Marine  
  84  8:20  Marine  
  85  8:29  Medivac  
  85  8:33  Marine x2  
  86  8:37  Marine  
  86  8:38  Marine  
  88  8:47  Barracks, Widow Mine  
  88  8:48  Widow Mine, Medivac  
  94  8:51  Marine x2  
  96  8:59  Medivac  
  100  9:10  Marauder  
  100  9:19  Engineering Bay  
  100  9:20  Armory  
  100  9:21  Supply Depot  
  100  9:27  Barracks Tech Lab  
Show
View Real Time Build Order
Export as new Build Order

HoldTheDoor Protoss 

Build Orders: Double Forge 

Get SALT Encoding   

  12  0:01  Probe  
  13  0:13  Probe  
  14  0:20  Pylon  
  14  0:25  Probe  
  15  0:38  Probe  
  15  0:39  Gateway  
  16  0:47  Assimilator  
  16  0:50  Probe  
  17  0:57  Assimilator  
  17  1:02  Probe  
  18  1:14  Probe  
  19  1:26  Cybernetics Core, Gateway  
  19  1:30  Probe  
  20  1:35  Pylon  
  20  1:52  Probe  
  21  2:01  Warp Gate, Stalker  
  21  2:03  Stalker  
  21  2:05  Probe  
  26  2:23  Pylon  
  26  2:24  Probe  
  27  2:39  Probe  
  28  2:49  Stalker x2  
  32  2:56  Probe  
  33  3:07  Robotics Facility  
  33  3:10  Probe, Pylon  
  34  3:22  Probe  
  35  3:34  Probe  
  35  3:37  Nexus  
  36  3:56  Immortal  
  34  4:08  Probe  
  39  4:14  Stalker x2  
  43  4:20  Probe  
  43  4:23  Pylon  
  44  4:27  Forge  
  44  4:32  Probe  
  44  4:35  Observer  
  46  4:44  Probe  
  47  4:45  Forge  
  47  4:50  Probe, Pylon  
  48  4:56  Probe  
  48  4:57  Assimilator  
  49  5:01  Immortal  
  49  5:03  Probe  
  50  5:08  Probe  
  55  5:15  Probe  
  55  5:17  Sentry  
  55  5:18  Sentry  
  55  5:20  Probe  
  61  5:30  Pylon  
  61  5:32  Probe, Robotics Bay  
  62  5:36  Protoss Ground Armor Level 1, Probe  
  63  5:44  Probe  
  63  5:48  Probe  
  65  5:57  Stargate  
  55  6:19  Observer  
  55  6:32  Photon Cannon  
  55  6:37  Probe x2  
  57  6:40  Assimilator  
  57  6:44  Zealot x2  
  60  6:49  Probe x2  
  62  6:57  Photon Cannon  
  60  7:05  Stalker  
  60  7:06  Stalker  
  64  7:11  Probe x2  
  66  7:17  Photon Cannon  
  66  7:20  Photon Cannon  
  64  7:24  Probe, Pylon  
  64  7:29  Stalker  
  64  7:34  Probe  
  64  7:36  Probe  
  61  7:46  Probe  
  61  7:48  Probe  
  63  7:58  Probe  
  63  7:59  Stalker x2  
  63  8:01  Probe  
  65  8:11  Probe  
  60  8:13  Probe  
  57  8:23  Probe  
  57  8:25  Probe  
  59  8:31  Stalker  
  59  8:32  Stalker  
  63  8:38  Probe x2  
  61  8:42  Void Ray  
  65  8:50  Probe x2, Immortal  
  65  9:02  Probe  
  70  9:10  Shield Battery  
  70  9:12  Shield Battery  
  70  9:16  Pylon  
  70  9:32  Zealot x2  
Tags
 
Add a new tag
Caveats
  • Supply blocks, unpowered buildings, or Contaminate may cause inaccurate times.
  • Supply counts are checked every 10 seconds.